 Dungeon Crawl Stone Soup version 0.22.0-38-g04b72b8c25 (webtiles) character file.

5264 KamiKatze the Slicer (level 10, -8/103 HPs)
             Began as a Halfling Berserker on Aug 27, 2018.
             Was an Elder of Trog.
             Mangled by an eight-headed hydra (13 damage)
             ... on level 8 of the Dungeon.
             The game lasted 00:32:38 (9582 turns).

KamiKatze the Slicer (Halfling Berserker)           Turns: 9582, Time: 00:32:39

Health: -8/103     AC: 14    Str: 26    XL:     10   Next: 93%
Magic:  10/10      EV: 17    Int:  5    God:    Trog [****..]
Gold:   655        SH: 12    Dex: 15    Spells: 9/9 levels left

rFire    . . .     SeeInvis .   b - +0 dagger (flame)
rCold    . . .     Gourm    .   K - +2 buckler {rN+}
rNeg     + . .     Faith    .   B - +0 scale mail
rPois    +         Spirit   .   J - +0 helmet
rElec    .         Reflect  +   o - +1 cloak {+Inv}
rCorr    .         Harm     .   h - +0 pair of gloves
MR       .....                  u - +0 pair of boots
Stlth    ..........             z - +4 amulet of reflection
HPRegen  0.27/turn              m - ring of stealth
MPRegen  0.12/turn              L - ring of poison resistance

@: berserking, starving, very quick
A: small, mutation resistance 1
a: Berserk, Trog's Hand, Brothers in Arms, Renounce Religion, Evoke Invisibility


You were on level 8 of the Dungeon.
You worshipped Trog.
Trog was greatly pleased with you.
You were starving.

You visited 3 branches of the dungeon, and saw 11 of its levels.

You collected 655 gold pieces.

Inventory:

Hand Weapons
 a - a +0 rapier
 b - a +0 dagger of flaming (weapon)
 w - a +0 hunting sling
 I - a +0 flail of holy wrath
Missiles
 e - 291 stones (quivered)
 f - 13 poisoned needles
 l - 40 sling bullets
Armour
 h - a +0 pair of gloves (worn)
 o - a +1 cloak of invisibility (worn)
 u - a +0 pair of boots (worn)
 B - a +0 scale mail (worn)
 J - a +0 helmet (worn)
 K - a +2 buckler of positive energy (worn)
Jewellery
 m - a ring of stealth (left hand)
 z - a +4 amulet of reflection (around neck)
 E - an uncursed ring of flight
 L - a ring of poison resistance (right hand)
Wands
 y - a wand of flame (17)
 D - a wand of paralysis (16)
 H - a wand of digging (19)
 M - a wand of enslavement (10)
Scrolls
 i - 3 scrolls of enchant weapon {unknown}
 j - a scroll of magic mapping {unknown}
 n - 2 scrolls of blinking {unknown}
 q - 3 scrolls of enchant armour
 s - 6 scrolls of remove curse
 v - 2 scrolls of teleportation {unknown}
 x - 2 scrolls of amnesia {unknown}
 C - a scroll of fear {unknown}
 F - 2 scrolls of identify
Potions
 d - 3 potions of cancellation
 g - 5 potions of curing
 k - a potion of haste
 p - 5 potions of lignification
 r - 3 potions of magic
 t - a potion of might
 A - a potion of flight
 G - a potion of brilliance
Comestibles
 c - 15 rations


   Skills:
 + Level 6.4 Fighting
 * Level 11.2 Short Blades
 + Level 4.6 Slings
 + Level 7.2 Armour
 + Level 7.2 Dodging
 * Level 5.4 Shields


You had 9 spell levels left.
You didn't know any spells.
Your spell library was empty.

Dungeon Overview and Level Annotations

Branches:
Dungeon (9/15)             Temple (1/1) D:7            Lair (1/6) D:8
    Orc: D:9-12

Altars:
Ashenzari
Cheibriados
Dithmenos
Elyvilon
Fedhas
Gozag
Hepliaklqana
Kikubaaqudgha
Makhleb
Nemelex Xobeh
Okawaru
Qazlal
Ru
Sif Muna
Trog
Uskayaw
Vehumet
Wu Jian
Xom
Yredelemnul
Zin
The Shining One

Shops:
D:4 :([   D:6 %   D:8 [==!   D:9 %

Annotations:
D:3 1 runed door
D:5 1 runed door, meralisa's ghost, novice NaTm
D:9 Grum


Innate Abilities, Weirdness & Mutations

You are small and have problems with some larger weapons.
You are somewhat resistant to further mutation.


Message History

* * * LOW HITPOINT WARNING * * *
You block the eight-headed hydra's attack.
The eight-headed hydra barely misses you.
You block the eight-headed hydra's attack.
The eight-headed hydra bites you!
* * * LOW HITPOINT WARNING * * *
The eight-headed hydra bites you.
* * * LOW HITPOINT WARNING * * *
The eight-headed hydra bites you but does no damage. x2
You puncture the eight-headed hydra! You burn the eight-headed hydra.
The eight-headed hydra is moderately wounded.
You barely miss the eight-headed hydra.
The eight-headed hydra is moderately wounded.
Unknown command.
You hit the eight-headed hydra. You burn the eight-headed hydra.
The eight-headed hydra is moderately wounded.
The eight-headed hydra misses you.
You block the eight-headed hydra's attack.
The eight-headed hydra bites you!
You die...

#.# #.# #.#####.####### #.# #.#
#.# #.# #.#####.#### #.# #.#
#..........# #.# #.#
.∩..8..###.# #.# #.#
######.###.# #.# #.# #.#..#.#
#.# #.# ##.#.#.########.#####.#
#...[.##...@D........#
######.#.#.##.########.####
.......).>[#...##.## #.#
.....#.#.#>........###.##
####................#...#######
#####.##..[..........(.....#
#....)<......#...#####.#
#####.......###.## #.#
##.##..## #.# #.#


You could see an eight-headed hydra.

Vanquished Creatures
  Maurice (D:9)
  2 spiny frogs (Lair:1)
  A troll (D:9)
  Prince Ribbit (D:9)
  2 hippogriffs
  A yak (D:8)
  3 hogs (D:8)
  A human (D:8)
  A hungry ghost (D:8)
  Duvessa (D:7)
  A porcupine (D:8)
  5 ice beasts
  An orc warrior (D:5)
  2 sky beasts (D:9)
  4 ogres
  A wolf (D:8)
  3 centaurs
  A bullfrog (D:4)
  A gnoll sergeant (D:6)
  Dowan (D:7)
  2 scorpions
  5 crimson imps
  A centaur zombie (D:9)
  4 jellies
  An orc priest (D:8)
  3 hounds
  2 orc wizards
  An iguana (D:7)
  3 worker ants
  3 hound zombies
  A hound skeleton (D:6)
  A worker ant zombie (D:5)
  7 adders
  6 gnolls
  A shadow imp (D:7)
  An ooze (D:2)
  An adder skeleton (D:4)
  A worm (D:2)
  7 dart slugs
  7 leopard geckos
  13 orcs
  2 ball pythons
  7 giant cockroaches
  11 goblins
  8 hobgoblins
  17 jackals
  4 quokkas
  7 bats
  7 frilled lizards
  7 kobolds
  A leopard gecko skeleton (D:4)
  12 rats
  A plant (D:1)
189 creatures vanquished.

Notes
Turn   | Place    | Note
-------+----------+-------------------------------------------
     0 | D:1      | KamiKatze the Halfling Berserker began the quest for the Orb.
     0 | D:1      | Reached XP level 1. HP: 15/15 MP: 1/1
   106 | D:1      | Reached XP level 2. HP: 20/20 MP: 2/2
   339 | D:1      | Reached skill level 4 in Short Blades
   465 | D:1      | Reached XP level 3. HP: 18/25 MP: 3/3
   575 | D:1      | Reached ** piety under Trog
  1228 | D:2      | Reached XP level 4. HP: 28/31 MP: 4/4
  1694 | D:2      | Reached skill level 5 in Short Blades
  1777 | D:3      | Reached XP level 5. HP: 29/36 MP: 5/5
  1792 | D:3      | Reached *** piety under Trog
  1913 | D:3      | Found a glowing silver altar of Zin.
  1913 | D:3      | Noticed an angel
  1918 | D:3      | Found a runed door.
  2175 | D:3      | Found a burning altar of Makhleb.
  2731 | D:4      | Found Tohirola's Book Shop.
  2830 | D:4      | Found Rowa's Armour Shoppe.
  2915 | D:4      | Found a shimmering altar of Xom.
  2961 | D:4      | Found Fotask's Weapon Shoppe.
  3392 | D:5      | Entered Level 5 of the Dungeon
  3410 | D:5      | Noticed an ice beast
  3471 | D:5      | Noticed a bullfrog
  3485 | D:4      | Killed a bullfrog
  3485 | D:4      | Reached XP level 6. HP: 33/42 MP: 6/6
  3644 | D:4      | Reached skill level 6 in Short Blades
  3684 | D:4      | Killed an ice beast
  3684 | D:4      | Reached XP level 7. HP: 47/47 MP: 7/7
  3720 | D:5      | Found a runed door.
  3721 | D:5      | Noticed meralisa's ghost (novice NaTm)
  4065 | D:5      | Found a glowing golden altar of the Shining One.
  4311 | D:5      | HP: 3/72 [orc warrior/glaive (12)]
  4316 | D:5      | HP: 1/72 [orc warrior/glaive (3)]
  4317 | D:5      | Reached skill level 7 in Short Blades
  4679 | D:6      | Reached **** piety under Trog
  4679 | D:6      | Reached XP level 8. HP: 43/54 MP: 8/8
  4938 | D:6      | Found Xogoeg's Food Boutique.
  5054 | D:6      | Reached skill level 8 in Short Blades
  5142 | D:6      | Reached skill level 5 in Dodging
  5541 | D:7      | Reached skill level 5 in Armour
  5757 | D:7      | Noticed Dowan
  5758 | D:7      | Noticed Duvessa
  5809 | D:7      | Found a staircase to the Ecumenical Temple.
  6125 | D:7      | Noticed a hippogriff
  6164 | D:6      | Killed a hippogriff
  6164 | D:6      | Reached skill level 5 in Fighting
  6164 | D:6      | Reached skill level 9 in Short Blades
  6164 | D:6      | Reached XP level 9. HP: 31/61 MP: 9/9
  6330 | D:7      | Killed Duvessa
  6337 | D:7      | Killed Dowan
  6547 | D:7      | Found an opulent altar of Gozag.
  6702 | Temple   | Entered the Ecumenical Temple
  7089 | D:7      | Reached skill level 1 in Shields
  7252 | D:8      | Found Buotzuot's Jewellery Boutique.
  7363 | D:8      | Found a staircase to the Lair.
  7380 | D:8      | Found Ikiymn's Distillery.
  7576 | D:8      | Found Egoriump's Antique Armour Boutique.
  7647 | D:8      | Reached skill level 1 in Slings
  7742 | D:8      | Reached skill level 10 in Short Blades
  7809 | D:8      | Found Miclef's Jewellery Emporium.
  7933 | D:8      | Reached XP level 10. HP: 46/68 MP: 10/10
  8189 | D:8      | Found a deep blue altar of Sif Muna.
  8374 | D:9      | Found an ancient bone altar of Kikubaaqudgha.
  8397 | D:9      | Noticed Prince Ribbit
  8591 | D:9      | Killed Prince Ribbit
  8591 | D:9      | Received a gift from Trog
  8632 | D:9      | Noticed Grum
  8791 | D:9      | Found Gail's Food Shoppe.
  8945 | D:9      | Noticed Maurice
  8956 | D:9      | Killed Maurice
  8956 | D:9      | Reached skill level 11 in Short Blades
  9088 | D:9      | Reached skill level 5 in Shields
  9232 | Lair:1   | Entered Level 1 of the Lair of Beasts
  9232 | Lair:1   | Noticed a spiny frog
  9232 | Lair:1   | Noticed a spiny frog
  9353 | Lair:1   | Killed a spiny frog
  9358 | Lair:1   | Killed a spiny frog
  9418 | Lair:1   | Noticed an eight-headed hydra
  9579 | D:8      | HP: 5/103 [eight-headed hydra (6)]
  9582 | D:8      | Mangled by an eight-headed hydra

Skill      XL: |  1  2  3  4  5  6  7  8  9 10 |
---------------+-------------------------------+-----
Short Blades   | 4 5 6 7 9 10 11 | 11.2
Fighting       | 3 4 5 6 |  6.4
Dodging        | 3 4 5 6 7 |  7.2
Armour         | 3 4 5 6 7 |  7.2
Shields        | 2 5 |  5.4
Slings         | 2 4 |  4.6

Action                   |  1- 3 |  4- 6 |  7- 9 | 10-12 || total
-------------------------+-------+-------+-------+-------++-------
Melee: Short sword       |   180 |   315 |   384 |       ||   879
       Dagger            |     1 |       |       |     5 ||     6
       Rapier            |       |       |   191 |   200 ||   391
 Fire: Hunting sling     |       |       |       |     5 ||     5
Throw: Stone             |       |     8 |       |       ||     8
Invok: Berserk           |       |       |     2 |     3 ||     5
  Use: Scroll            |       |     5 |     7 |       ||    12
 Stab: Sleeping          |     5 |     1 |       |       ||     6
       Distracted        |       |       |     1 |       ||     1
  Eat: Chunk             |     1 |     6 |    10 |     6 ||    23
       Ration            |       |     1 |     2 |       ||     3
Armor: Animal skin       |    17 |    36 |       |       ||    53
       Ring mail         |       |    17 |       |       ||    17
       Scale mail        |       |    34 |   114 |    50 ||   198
Dodge: Dodged            |    90 |   241 |   226 |    97 ||   654
Block: Other             |       |    18 |    57 |       ||    75
       Reflection        |       |       |     3 |       ||     3
       Buckler           |       |       |    39 |   103 ||   142
